 Dungeon Crawl Stone Soup version 0.18-a0-884-gb6cfd45 (webtiles) character file.

1092 cluie the Chiller (level 8, 60/60 HPs)
             Began as a Demonspawn Ice Elementalist on Dec 22, 2015.
             Was an Initiate of Gozag.
             Quit the game on level 4 of the Dungeon.
             The game lasted 00:19:43 (5659 turns).

cluie the Chiller (Demonspawn Ice Elementalist)     Turns: 5659, Time: 00:19:43

Health: 60/60      AC:  6    Str:  8    XL:     8   Next: 9%
Magic:  14/14      EV: 13    Int: 20    God:    Gozag
Gold:   756        SH:  0    Dex: 13    Spells: 4 memorised, 4 levels left

rFire  . . .     SeeInvis .     e - +2 spear (venom)
rCold  . . .     Gourm    .     a - +1 robe
rNeg   . . .     Faith    .     (no shield)
rPois  .         Spirit   +     r - +0 helmet
rElec  .         Dismiss  .     (no cloak)
rCorr  .         Reflect  .     (no gloves)
SustAt .         Harm     .     g - +0 pair of boots
MR     .....                    (no amulet)
Stlth  +.........               (no ring)
                                s - ring of loudness (curse)

@: not resistant to hostile enchantments, very unstealthy
A: hooves 1, molten scales 1, demonic guardian 1, magic shield
a: Potion Petition, Call Merchant, Bribe Branch, Renounce Religion


You were on level 4 of the Dungeon.
You worshipped Gozag.
Gozag was noncommittal.
You were not hungry.

You visited 1 branch of the dungeon, and saw 4 of its levels.

You collected 789 gold pieces.
You paid 33 gold pieces to Gozag.

Inventory:

Hand Weapons
 e - a +2 spear of venom (weapon)
 p - a +2 dagger of protection
Missiles
 d - a throwing net (quivered)
Armour
 a - a +1 robe (worn)
 g - a +0 pair of boots (worn)
 h - the +5 scale mail of the Sun {rC++ rCorr}
   (You found it on level 4 of the Dungeon)

   It greatly protects you from cold.
   It protects you from acid and corrosion.
 r - a +0 helmet (worn)
Jewellery
 s - a cursed ring of loudness (left hand)
Scrolls
 i - a scroll of amnesia {unknown}
 j - 2 scrolls of identify
 q - a scroll of teleportation
Potions
 f - 2 potions of curing
 k - a potion of flight
 n - a potion of agility
 t - a potion of mutation
Books
 b - a book of Frost

   Spells                             Type                      Level
   a - Freeze                         Ice                          1
   b - Throw Frost                    Conjuration/Ice              2
   c - Ozocubu's Armour               Charms/Ice                   3
   d - Throw Icicle                   Conjuration/Ice              4
   e - Summon Ice Beast               Ice/Summoning                4
   f - Condensation Shield            Ice                          4
Comestibles
 c - a bread ration
 m - 2 meat rations


   Skills:
 + Level 3.9 Fighting
 + Level 3.9 Dodging
 - Level 1.7 Stealth
 + Level 4.5 Spellcasting
 + Level 1.9 Conjurations
 - Level 1.9 Summonings
 + Level 5.5 Ice Magic


You had 4 spell levels left.
You knew the following spells:

 Your Spells              Type           Power        Failure   Level  Hunger
a - Freeze                Ice            ####         1%          1    None
b - Ozocubu's Armour      Chrm/Ice       ###.....     14%         3    ##.....
c - Summon Ice Beast      Ice/Summ       ###.....     30%         4    ####...
d - Throw Icicle          Conj/Ice       ###.....     30%         4    ####...


Dungeon Overview and Level Annotations

Branches:
Dungeon (4/15)
 Temple: D:4-7

Altars:
Gozag
Makhleb
Okawaru
Xom
The Shining One

Shops:
D:4 ?


Innate Abilities, Weirdness & Mutations

You have large cloven feet.
You are partially covered in molten scales (AC +1).
A weak demonic guardian rushes to your aid.
When hurt, damage is shared between your health and your magic reserves.


Message History

No target in view!
Key pressed, stopping explore.
No target in view!
No target in view!
Found an escape hatch in the ceiling.
No target in view!
No target in view!
Found 21 arrows.
No target in view!
Found a leather armour.
No target in view!
No target in view!
Key pressed, stopping explore.
No target in view!
Key pressed, stopping explore.
No target in view!
Found a stone staircase leading up.
You see here 21 arrows.
A sky beast comes into view.
Are you sure you want to abandon this character and quit the game? (Confirm with "yes".)

.# #...........# .#
##..........# .#
#..........######
.#####..............#
......>###.......# .#
...#####
#####.#.##.#### ...#
#..#......Y. ...#
#........... ...#
####@.%..... ...#
#........ ...#
#........ ...#
#........ ...# ...#
#........ ...# #...#
#........ ...# #...#
......... ...###...#
##....... ....##...#


You could see a sky beast.

Vanquished Creatures
  2 ogres
  2 hounds
  5 gnoll shamans (D:3)
  2 worker ants
  Natasha (thrice) (D:1)
  32 gnolls
  4 adders
  An adder skeleton (D:4)
  5 worms
  2 giant geckos (D:1)
  6 giant cockroaches
  6 hobgoblins
  16 jackals
  16 kobolds
  9 bats
  A giant gecko skeleton (D:4)
  7 giant newts
  11 goblins
  12 rats
142 creatures vanquished.

Vanquished Creatures (collateral kills)
  Grinder (D:4)
1 creature vanquished.

Grand Total: 143 creatures vanquished

Notes
Turn   | Place    | Note
--------------------------------------------------------------
     0 | D:1      | cluie the Demonspawn Ice Elementalist began the quest for the Orb.
     0 | D:1      | Reached XP level 1. HP: 13/13 MP: 3/3
   404 | D:1      | Gained mutation: You are partially covered in molten scales (AC +1). [demonic ancestry]
   404 | D:1      | Reached XP level 2. HP: 19/19 MP: 3/5
   793 | D:1      | Reached skill level 3 in Ice Magic
   842 | D:1      | Reached skill level 1 in Fighting
   858 | D:2      | Noticed Natasha
   872 | D:1      | Gained mutation: When hurt, damage is shared between your health and your magic reserves. [demonic ancestry]
   872 | D:1      | Reached XP level 3. HP: 21/26 MP: 0/6
   931 | D:1      | Killed Natasha
  1127 | D:1      | Noticed Natasha
  1147 | D:1      | Killed Natasha
  1344 | D:1      | Noticed Natasha
  1348 | D:1      | Killed Natasha
  1411 | D:1      | Reached XP level 4. HP: 32/32 MP: 4/7
  1441 | D:2      | Learned a level 3 spell: Ozocubu's Armour
  1450 | D:2      | Learned a level 4 spell: Summon Ice Beast
  2014 | D:2      | Reached skill level 1 in Summonings
  2245 | D:2      | Found a glowing golden altar of the Shining One.
  2246 | D:2      | Found an opulent altar of Gozag.
  2326 | D:2      | Became a worshipper of Gozag Ym Sagoz the Greedy
  2502 | D:2      | Found a burning altar of Makhleb.
  2510 | D:2      | Reached XP level 5. HP: 29/38 MP: 5/9
  3543 | D:3      | Reached skill level 4 in Ice Magic
  3543 | D:3      | Reached XP level 6. HP: 33/44 MP: 6/10
  4118 | D:3      | Learned a level 4 spell: Throw Icicle
  4251 | D:3      | Gained mutation: You have large cloven feet. [demonic ancestry]
  4251 | D:3      | Reached XP level 7. HP: 37/52 MP: 8/12
  4530 | D:3      | Reached skill level 5 in Ice Magic
  5370 | D:3      | Found a shimmering altar of Xom.
  5379 | D:3      | Found an iron altar of Okawaru.
  5487 | D:4      | Noticed Grinder
  5491 | D:4      | Paralysed by Grinder for 2 turns
  5498 | D:4      | Killed Grinder
  5498 | D:4      | Gained mutation: A weak demonic guardian rushes to your aid. [demonic ancestry]
  5498 | D:4      | Reached XP level 8. HP: 49/60 MP: 6/14
  5501 | D:4      | fuck offffff
  5509 | D:4      | Found Dalurgh's Magic Scroll Emporium.
  5521 | D:4      | Got a spiked scale mail
  5532 | D:4      | Identified the +5 scale mail of the Sun {rC++ rCorr} (You found it on level 4 of the Dungeon)
  5659 | D:4      | Quit the game

Vault maps used:
D:1:      shiori_shiawase
D:2:      makhleb_blood_cavern_becter, grunt_temple_overflow_open,
          grunt_decor_resistance, uniq_natasha
D:3:      lemuel_castle_with_subvaults, amethyst_overflow_temple_binary
D:4:      serial_shops, shop, uniq_menkaure, uniq_duvessa, uniq_grinder

Action                   |  1- 3 |  4- 6 |  7- 9 || total
-------------------------+-------+-------+-------++-------
Melee: Dagger            |    79 |    15 |       ||    94
       Unarmed           |     1 |       |       ||     1
       Spear             |       |   190 |   146 ||   336
       Whip              |       |    16 |       ||    16
 Cast: Freeze            |    32 |    45 |    10 ||    87
       Ozocubu's Armour  |       |     8 |     5 ||    13
       Summon Ice Beast  |       |       |     1 ||     1
  Use: Potion            |       |     1 |       ||     1
       Scroll            |       |     8 |       ||     8
 Stab: Sleeping          |     1 |     7 |       ||     8
       Distracted        |     2 |     3 |       ||     5
  Eat: Chunk             |     2 |     5 |       ||     7
       Bread ration      |       |     2 |       ||     2
       Pizza             |       |       |     1 ||     1
